 Dungeon Crawl Stone Soup version 0.32-a0-918-g0f22ef8d61 (webtiles) character file.

Game seed: 11390627380631576970

396 asd2613 the Covered (level 6, -6/52 HPs)
             Began as an Armataur Fighter on Apr 11, 2024.
             Was an Initiate of Okawaru.
             Mangled by Grinder (9 damage)
             ... on level 4 of the Dungeon.
             The game lasted 00:09:23 (1357 turns).

asd2613 the Covered (Armataur Fighter)              Turns: 1357, Time: 00:09:26

Health: -6/52      AC:  7    Str: 20 (22) XL:     6   Next: 52%
Magic:  6/6        EV:  7    Int:  5 (8)  God:    Okawaru [......]
Gold:   159        SH:  5    Dex: 15 (17) Spells: 5/5 levels left

rFire   . . .        a - +1 long sword
rCold   + . .        c - +0 buckler
rNeg    . . .        e - +1 ring mail {rC+}
rPois   .            (no helmet)
rElec   .            (no cloak)
rCorr   .            (no gloves)
SInv    .            (no barding)
Will    .....        (no amulet)
Stlth   +            g - +6 ring of dexterity
HPRegen 0.28/turn    (no ring)
MPRegen 0.76/turn

%: roll
@: no status effects
A: large, deformed body, tough skin 3, armoured tail, rollpage 1
a: Renounce Religion


You were on level 4 of the Dungeon.
You worshipped Okawaru.
Okawaru was noncommittal.
You visited 1 branch of the dungeon, and saw 5 of its levels.

You collected 159 gold pieces.

Inventory:

Hand Weapons
 a - a +1 long sword (weapon)
 f - a +4 rapier of electrocution
Armour
 c - a +0 buckler (worn)
 e - a +1 ring mail of cold resistance (worn)
Jewellery
 g - a +6 ring of dexterity (left hand)
Scrolls
 b - a scroll of identify {unknown}
 h - a scroll of teleportation
 i - a scroll of revelation
 j - a scroll of amnesia {unknown}
 n - a scroll of vulnerability {unknown}


   Skills:
 + Level 4.0 Fighting
 * Level 3.6 Long Blades
 + Level 5.3 Armour
 + Level 4.8 Shields


You had 5 spell levels left.
You didn't know any spells.
Your spell library contained the following spells:

 Spells                   Type           Power      Damage    Failure   Level
 Ensorcelled Hibernation  Hex/Ice        0%         N/A       85%         2
 Passwall                 Erth           0%         N/A       97%         3
 Swiftness                Air            0%         N/A       97%         3


Dungeon Overview and Level Annotations

Branches:
Dungeon (5/15)
 Temple: D:4-7

Altars:
Okawaru
Sif Muna

Shops:
D:2 [

Annotations:
D:4 Grinder


Innate Abilities, Weirdness & Mutations

Armour fits poorly on your strangely shaped body.
You have extremely tough skin. (AC +3)
You have a long armoured tail.
You regenerate magic when rolling toward enemies. (Rampage MPRegen)


Message History

You feel sick. The quokka closely misses you. Grinder gestures at you.
Pain shoots through your body! The adder bites you.
The quokka bites you but does no damage.
You slash Grinder! You tail-slap Grinder.
Grinder is heavily wounded.
You feel sick. You block the adder's attack.
Grinder blinks!
The quokka barely misses you. The adder barely misses you.
You roll towards Grinder!
You feel sick.
You roll towards Grinder!
You closely miss Grinder. You tail-slap Grinder.
Grinder is severely wounded.
You feel sick. You block Grinder's attack.
You hit Grinder but do no damage.
Grinder is severely wounded.
You feel sick.
You are no longer poisoned.
The quokka bites you but does no damage.
Grinder hits you!
* * * LOW HITPOINT WARNING * * *
You barely miss Grinder.
Grinder is severely wounded.
You block the quokka's attack. Grinder hits you.
* * * LOW HITPOINT WARNING * * *
You writhe in agony.
* * * LOW HITPOINT WARNING * * *
You block the quokka's attack. The adder bites you but does no damage.
You hit Grinder.
Grinder is severely wounded.
Grinder gestures at you. You resist with significant effort.
You block the quokka's attack. The adder bites you.
* * * LOW HITPOINT WARNING * * *
You block Grinder's attack.
You barely miss Grinder.
Your tail-slap misses Grinder.
Grinder is severely wounded.
You block the adder's attack.
The quokka bites you but does no damage.
The adder barely misses you. Grinder hits you!
You die...
Grinder says, "Now the real fun starts!"

,,,,,*,,,,,,*,,,,,....,,,**##.#*
,,,,,,,,,,,............,,,,,..#
,,,***.#.#..............****#.##
,,,,,,,.)..#*...(......#* #..##
,,,,,*,#...#*#.[........* #...#
...*,*,#...# #.....#....##
##.... ...#####...#
#........##.###.....
...........#
#.5...#**##.....###.
#..........###..@##* #..#.### ##
................Sr## ##.##.# #
......#...####..#..###..##.#
#........## ##.###..>†###.# #
.....##.## #.# #....##..######
....**#.## #.# #.......#......
...#* #..### *#.#
#...######.#**#
....###....###..# #...# ##.# #
,*#.............###...# #..####


You could see Grinder, an adder and a quokka.

Vanquished Creatures
  A water moccasin (D:4)
  Blork the orc (D:4)
  A bombardier beetle (D:3)
  A hound (D:4)
  A jelly (D:4)
  An iguana (D:4)
  3 gnolls (D:2)
  3 adders
  2 dart slugs
  A ribbon worm (D:3)
  4 bats (D:2)
  6 endoplasms
  3 giant cockroaches
  7 goblins
  5 hobgoblins
  7 jackals
  2 ball pythons (D:1)
  A frilled lizard (D:1)
  6 kobolds
  2 rats
58 creatures vanquished.

Notes
Turn   | Place    | Note
-------+----------+-------------------------------------------
     0 | D:1      | asd2613 the Armataur Fighter began the quest for the Orb.
     0 | D:1      | Reached XP level 1. HP: 18/18 MP: 1/1
   106 | D:1      | Reached XP level 2. HP: 24/25 MP: 2/2
   215 | D:2      | Found Syefeh's Antique Armour Boutique.
   242 | D:2      | Reached skill level 4 in Armour
   319 | D:2      | Reached XP level 3. HP: 31/31 MP: 3/3
   536 | D:2      | Reached XP level 4. HP: 26/38 MP: 4/4
   686 | D:3      | Reached XP level 5. HP: 45/45 MP: 5/5
   698 | D:4      | Found an iron altar of Okawaru.
   706 | D:4      | Became a worshipper of Warmaster Okawaru
   713 | D:4      | Noticed Blork the orc
   725 | D:4      | Killed Blork the orc
   729 | D:4      | Identified a scroll of acquirement
   729 | D:4      | Acquired a +4 rapier of electrocution
   935 | D:4      | Reached skill level 5 in Armour
  1025 | D:4      | Found a shimmering blue altar of Sif Muna.
  1111 | D:4      | Reached XP level 6. HP: 43/52 MP: 6/6
  1159 | D:5      | Entered Level 5 of the Dungeon
  1159 | D:5      | Noticed Grinder
  1159 | D:5      | Noticed a water moccasin
  1175 | D:4      | Killed a water moccasin
  1357 | D:4      | Mangled by Grinder

Illustrated notes

Levels and vault maps discovered:
D:1:      matt_arrival_los_fun, layout_rooms,
          hellmonk_ecumenical_altar_leap_of_faith, serial_shops,
          nicolae_square_shop, shop, nicolae_shop_waterfront
D:2:      layout_rooms, serial_shops, shop, minmay_distorted
D:3:      layout_rooms, mainiacjoe_overflow_boulevard, slow_altar_2
D:4:      layout_layer_cave, nicolae_sif_muna_condensation,
          mainiacjoe_overflow_small_starburst, minmay_misc_feat_square,
          uniq_blork_the_orc
D:5:      layout_rooms, lemuel_temple_firewalk_b, serial_shops, shop,
          uniq_prince_ribbit1, uniq_grinder, uniq_duvessa

Skill      XL: |  1  2  3  4  5  6 |
---------------+-------------------+-----
Long Blades    | 2 3 |  3.6
Armour         | 4 5 |  5.3
Fighting       | 3 4 |  4.0
Shields        | 4 |  4.8

Action                     |  1- 3 |  4- 6 || total
---------------------------+-------+-------++-------
  Melee: Long sword        |    81 |    86 ||   167
         Tailslap          |    14 |    15 ||    29
    Use: Scroll            |     5 |     2 ||     7
         Potion            |       |     5 ||     5
 Armour: Scale mail        |    46 |       ||    46
         Ring mail         |    20 |    88 ||   108
  Dodge: Dodged            |    34 |    32 ||    66
  Block: Buckler           |    15 |    32 ||    47

Table legend: (Time is in decaauts)
 A = Elapsed time spent in this place.
 B = Non-inter-level travel time spent in this place.
 C = Inter-level travel time spent in this place.
 D = Time resting spent in this place.
 E = Time spent auto-exploring this place.
 F = Levels seen in this place.
 G = Mean time per level.
                   A        B        C        D        E       F      G
               +--------+--------+--------+--------+--------+-----+--------+
         Total |   1407 |   1407 |      0 |    159 |    422 |   5 |  281.4 |
       Dungeon |   1407 |   1407 |      0 |    159 |    422 |   5 |  281.4 |
               +--------+--------+--------+--------+--------+-----+--------+

Top non-repeatable levels by time:
     D:4: 663 daAuts
     D:2: 400 daAuts
     D:1: 196 daAuts
     D:3: 139 daAuts
     D:5: 8 daAuts
